 Dungeon Crawl Stone Soup version 0.20.1-1-g8b1a95d66d (webtiles) character file.

47 Gargoyl the Skirmisher (level 3, 0/33 HPs)
             Began as a Centaur Abyssal Knight on Dec 28, 2017.
             Was a Believer of Lugonu.
             Succumbed to a worker ant's poison
             ... on level 4 of the Dungeon.
             The game lasted 00:04:12 (2285 turns).

Gargoyl the Skirmisher (Centaur Abyssal Knight)     Turns: 2285, Time: 00:04:13

Health: 0/33       AC:  5    Str: 14    XL:     3   Next: 48%
Magic:  4/4        EV: 12    Int: 11    God:    Lugonu [**....]
Gold:   231        SH:  3    Dex: 14    Spells: 2/2 levels left

rFire    + . .     SeeInvis .   a - +1 hand axe
rCold    + . .     Gourm    .   d - +0 buckler
rNeg     . . .     Faith    .   h - +0 ring mail
rPois    .         Spirit   .   (no helmet)
rElec    .         Reflect  .   e - scarf {rC+ rF+}
rCorr    .         Harm     .   (no gloves)
MR       .....                  (no barding)
Stlth    ..........             (no amulet)
Regen    0.2/turn               b - ring of loudness (curse)
MPRegen  0.1/turn               (no ring)

@: agile, lethally poisoned (0 -> -9), very quick
A: hooves 3, deformed body, speed 2, tough skin 3
a: Depart the Abyss, Bend Space, Renounce Religion


You were on level 4 of the Dungeon.
You worshipped Lugonu.
Lugonu was pleased with you.
You were not hungry.

You visited 1 branch of the dungeon, and saw 4 of its levels.
You visited the Abyss 1 time.

You collected 231 gold pieces.

Inventory:

Hand Weapons
 a - a +1 hand axe (weapon)
Missiles
 p - 7 tomahawks (quivered)
Armour
 d - a +0 buckler (worn)
 e - a scarf of resistance (worn)
 h - a +0 ring mail (worn)
Jewellery
 b - a cursed ring of loudness (left hand)
Scrolls
 f - 4 scrolls of teleportation
 g - a scroll of amnesia
 k - 2 scrolls of identify
Potions
 i - a potion of cancellation
 j - a potion of brilliance
Comestibles
 c - 4 bread rations
 l - a royal jelly
 o - a chunk of flesh


   Skills:
 + Level 3.7 Fighting
 + Level 2.2 Axes
 * Level 1.6 Armour
 + Level 0.8 Dodging
 * Level 2.4 Invocations


You had 2 spell levels left.
You didn't know any spells.

Dungeon Overview and Level Annotations

Branches:
Dungeon (4/15)
 Temple: D:4-7

Altars:
Dithmenos
Kikubaaqudgha
Nemelex Xobeh
Okawaru
Uskayaw


Innate Abilities, Weirdness & Mutations

You have hooves in place of feet.
Armour fits poorly on your strangely shaped body.
You cover ground very quickly.
You have extremely tough skin. (AC +3)


Message History

Unknown command.
The bat hits you but does no damage. The bat misses you.
You feel agile all of a sudden. The bat hits you but does no damage.
You barely miss the worker ant. The worker ant bites you.
* * * LOW HITPOINT WARNING * * *
You are lethally poisoned!
The worker ant poisons you! The worker ant closely misses you.
Unknown command.
You closely miss the worker ant. You kick the worker ant!
The worker ant is heavily wounded.
* * * LOW HITPOINT WARNING * * *
You feel sick. The worker ant bites you.
* * * LOW HITPOINT WARNING * * *
You are more poisoned.
The worker ant poisons you!
You closely miss the worker ant. Your kick misses the worker ant.
The worker ant is heavily wounded.
You die...

#.# ## #.#
##.###.####
####.........###...
+.......a..........
####..<##.##.##....
##.#b..# .# ..
#.#a### .# #.#@# .#
#.#.# .# #.... .#
###.## ## #.# #.#
#.# ..#


You could see a worker ant and a bat.

Vanquished Creatures
  A dart slug (D:3)
  A leopard gecko (D:1)
  3 orcs (D:3)
  4 bats
  2 giant cockroaches
  4 goblins (D:1)
  6 hobgoblins
  4 jackals (D:1)
  2 kobolds (D:2)
  A ball python (D:2)
  4 frilled lizards
  4 rats
36 creatures vanquished.

Vanquished Creatures (others)
  5 toadstools (D:1)
5 creatures vanquished.

Grand Total: 41 creatures vanquished

Notes
Turn   | Place    | Note
-------+----------+-------------------------------------------
     0 | Abyss:1  | Gargoyl the Centaur Abyssal Knight began the quest for the Orb.
     0 | Abyss:1  | Reached XP level 1. HP: 19/19 MP: 2/2
    87 | Abyss:2  | Noticed a large abomination
    91 | Abyss:2  | Noticed a wretched star
    91 | D:1      | Escaped the Abyss
   178 | D:1      | Reached * piety under Lugonu
   306 | D:1      | Reached XP level 2. HP: 26/26 MP: 3/3
  1246 | D:2      | Found an ancient bone altar of Kikubaaqudgha.
  1253 | D:2      | Found a shadowy altar of Dithmenos.
  1254 | D:2      | Found a sparkling altar of Nemelex Xobeh.
  1255 | D:2      | Found an iron altar of Okawaru.
  1257 | D:2      | Found a hide-covered altar of Uskayaw.
  1411 | D:2      | Reached XP level 3. HP: 29/31 MP: 4/4
  1512 | D:2      | Reached ** piety under Lugonu
  1540 | D:2      | Found an iron altar of Okawaru.
  2284 | D:4      | HP: 1/33 [worker ant (2)]
  2285 | D:4      | Succumbed to a worker ant's poison

Skill      XL: |  1  2 |
---------------+-------+-----
Axes           | 2 |  2.2
Fighting       | |  3.7
Armour         | |  1.6
Dodging        | |  0.8
Invocations    | |  2.4

Action                   || total
-------------------------++-------
Melee: Hand axe          ||   104
       Kick              ||    13
Invok: Depart the Abyss  ||     1
  Use: Scroll            ||    12
       Potion            ||     1
  Eat: Chunk             ||     3
Armor: Leather armour    ||    12
       Ring mail         ||    46
Dodge: Dodged            ||    38
Block: Buckler           ||     5
